 Dungeon Crawl Stone Soup version 0.25-a0-24-g72dcfe0359 (webtiles) character file.

Game seed: 4969690652420335744, levelgen mode: deterministic

8969 Kohma the Covert (level 11, -8/56 HPs)
             Began as a Spriggan Enchanter on Oct 17, 2019.
             Was a Priest of Kikubaaqudgha.
             Mangled by a two-headed ogre
             ... wielding a +0 giant spiked club
              (21 damage)
             ... on level 11 of the Dungeon.
             The game lasted 00:39:40 (13047 turns).

Kohma the Covert (Spriggan Enchanter)              Turns: 13047, Time: 00:39:40

Health: -8/56      AC:  5    Str:  4    XL:     11   Next: 16%
Magic:  11/21      EV: 24    Int: 19    God:    Kikubaaqudgha [***...]
Gold:   280        SH:  0    Dex: 18    Spells: 4/22 levels left

rFire    + . .     SeeInvis +   a - +2 dagger
rCold    . . .     Gourm    .   (shield restricted)
rNeg     . . .     Faith    .   b - +1 robe
rPois    .         Spirit   .   (helmet restricted)
rElec    .         Reflect  .   G - +1 cloak
rCorr    .         Harm     .   (gloves unavailable)
MR       +....                  (boots unavailable)
Stlth    +++++.....             (no amulet)
HPRegen  0.18/turn              t - ring of flight
MPRegen  0.17/turn              x - ring of protection from fire

@: very quick
A: very small, unfitting armour, see invisible, herbivore, speed 3, slow
metabolism 2
a: Receive Corpses, Renounce Religion, Evoke Flight


You were on level 11 of the Dungeon.
You worshipped Kikubaaqudgha.
Kikubaaqudgha was most pleased with you.
You were near starving.

You visited 2 branches of the dungeon, and saw 12 of its levels.

You collected 424 gold pieces.
You spent 144 gold pieces at shops.

Inventory:

Hand Weapons
 a - a +2 dagger (weapon)
Missiles
 c - 28 poisoned darts (quivered)
 j - a throwing net
 D - 7 atropa-tipped darts
Armour
 b - a +1 robe (worn)
 G - a +1 cloak (worn)
Jewellery
 t - a ring of flight (left hand)
 x - a ring of protection from fire (right hand)
Wands
 h - a wand of random effects (32)
 k - a wand of iceblast (7)
 y - a wand of flame (40)
 F - a wand of disintegration (7)
 H - a wand of polymorph (11)
Scrolls
 e - a scroll of fog
 f - 3 scrolls of teleportation
 g - 4 scrolls of remove curse
 i - a scroll of amnesia
 s - 2 scrolls of magic mapping
 w - a scroll of blinking
 z - 2 scrolls of identify
 E - a scroll of silence {unknown}
 I - a scroll of enchant weapon
Potions
 l - 2 potions of berserk rage
 m - 2 potions of lignification
 n - a potion of magic
 o - 3 potions of curing
 p - a potion of experience {unknown}
 q - 5 potions of flight
 r - a potion of resistance
 u - a potion of invisibility {unknown}
 v - 3 potions of haste
 A - a potion of mutation {unknown}
 B - 4 potions of cancellation
 C - 6 potions of heal wounds
Comestibles
 d - 16 rations


   Skills:
 - Level 6.0 Fighting
 * Level 9.0 Short Blades
 - Level 8.2 Dodging
 - Level 12.0 Stealth
 - Level 6.1 Spellcasting
 * Level 9.3 Hexes
 + Level 1.9 Necromancy
 - Level 3.0 Translocations
 - Level 5.5 Evocations


You had 4 spell levels left.
You knew the following spells:

 Your Spells              Type           Power        Failure   Level  Hunger
a - Corona                Hex            #####..      1%          1    None
b - Ensorcelled Hibernat  Hex/Ice        ###...       2%          2    None
c - Confuse               Hex            #####...     1%          3    ##.....
d - Blink                 Tloc           N/A          4%          2    None
e - Mephitic Cloud        Conj/Pois/Air  #.......     32%         3    ##.....
f - Regeneration          Chrm/Necr      #.........   22%         3    ##.....
g - Animate Dead          Necr           N/A          45%         4    ####...

Your spell library contained the following spells:

 Spells                   Type           Power        Failure   Level  Hunger
 Slow                     Hex            #####...     1%          2    None
 Tukima's Dance           Hex            #####...     1%          3    ##.....
 Pain                     Necr           ##..         4%          1    None
 Dazzling Spray           Conj/Hex       ###...       4%          3    ##.....
 Corpse Rot               Necr           N/A          8%          2    None
 Sublimation of Blood     Necr           ##........   8%          2    None
 Magic Dart               Conj           #...         11%         1    None
 Fulminant Prism          Conj/Hex       ###.......   16%         4    ####...
 Call Imp                 Summ           #.......     17%         2    None
 Searing Ray              Conj           #.....       17%         2    None
 Conjure Flame            Conj/Fire      #.......     32%         3    ##.....
 Force Lance              Conj/Tloc      ##......     52%         4    ####...
 Iskenderun's Mystic Bla  Conj           #.......     73%         4    ####...
 Dispel Undead            Necr           ##......     80%         5    #####..
 Bolt of Draining         Conj/Necr      #.........   91%         5    #####..
 Borgnjor's Vile Clutch   Necr/Erth      #.........   91%         5    #####..
 Excruciating Wounds      Chrm/Necr      #.........   91%         5    #####..
 Bolt of Magma            Conj/Fire/Erth #.........   97%         5    #####..
 Iskenderun's Battlesphe  Conj/Chrm      #.......     97%         5    #####..
 Venom Bolt               Conj/Pois      #.........   97%         5    #####..
 Iron Shot                Conj/Erth      #.........   100%        6    #######
 Orb of Destruction       Conj           #.........   100%        7    #######
 Spellforged Servitor     Conj/Summ      #.........   100%        7    #######


Dungeon Overview and Level Annotations

Branches:
Dungeon (11/15)            Temple (1/1) D:6            Lair (0/6) D:8
    Orc (0/2) D:9

Altars:
Ashenzari
Cheibriados
Dithmenos
Elyvilon
Fedhas
Gozag
Hepliaklqana
Kikubaaqudgha
Makhleb
Nemelex Xobeh
Okawaru
Qazlal
Ru
Sif Muna
Trog
Uskayaw
Vehumet
Wu Jian
Xom
Yredelemnul
Zin
The Shining One
Beogh

Shops:
D:5 !   D:9 ?

Annotations:
D:9 3 runed translucent doors, exclusion: 3 doors, Jabberih's ghost, novice HOMo


Innate Abilities, Weirdness & Mutations

You are very small and have problems with some larger weapons.
You are too small for most types of armour.
You have supernaturally acute eyesight. (SInv)
You are a herbivore.
You cover ground extremely quickly.
You need to consume almost no food.


Message History

Press: ? - help, Shift-Dir - straight line, f/p - two-headed ogre
Aim: a two-headed ogre, wielding a +0 giant spiked club and a +0 dire flail (chance to defeat MR: 35%)
The jackal struggles to resist.
Casting: Ensorcelled Hibernation (safe; 2% risk of failure)
Confirm with . or Enter, or press ? or * to list all spells.
Aiming: Ensorcelled Hibernation (safe; 2% risk of failure)
Press: ? - help, Shift-Dir - straight line, f/p - two-headed ogre
Aim: a two-headed ogre, wielding a +0 giant spiked club and a +0 dire flail (chance to defeat MR: 35%)
The jackal looks drowsy...
The helpless jackal fails to defend itself.
You skewer the jackal like a kebab!!!!
You kill the jackal!
Kikubaaqudgha accepts your kill.
The two-headed ogre completely misses you.
The two-headed ogre misses you.
The two-headed ogre hits you with a +0 giant spiked club!
* * * LOW HITPOINT WARNING * * *
The two-headed ogre hits you with a +0 dire flail!!
You die...
Kikubaaqudgha rasps: "You have failed me!
Welcome... death!"

#..........# #..>..#
#..... #####..#####
##.#### ######
#######...## #)#
#..........# ######+#
#..........# #.#...
#..........###.#.###
#..........'.#)[.#.#
#..........#.#(###.#
#..........#.#.@...#
#..........#.###O###
#..........#.#.#...#
+..........#.'.#.#.###.#
..........###...#†....#
######'### #####'#####
#.## #..# ##.#


You could see a two-headed ogre.

Vanquished Creatures
  Harold (D:7)
  A two-headed ogre (D:10)
  Joseph (D:7)
  A centaur zombie (D:11)
  Sigmund (D:4)
  4 hogs (D:7)
  A wyvern (D:10)
  A human (D:7)
  2 hungry ghosts
  A steam dragon (D:7)
  Menkaure (D:7)
  Edmund (D:4)
  A water moccasin (D:11)
  2 porcupines (D:8)
  Duvessa (D:4)
  5 orc warriors
  A sky beast (D:9)
  2 ogres
  2 black bears
  4 ice beasts
  6 centaurs
  3 crocodiles (D:8)
  Blork the orc (D:4)
  7 bullfrogs
  Dowan (D:4)
  2 scorpions
  2 water moccasin skeletons
  6 killer bees (D:7)
  3 wights (D:7)
  7 crimson imps
  4 bullfrog zombies
  A hound (D:4)
  5 orc priests
  3 jellies
  A gnoll shaman (D:3)
  9 orc wizards
  4 bullfrog skeletons
  Terence (D:2)
  4 iguanas
  9 worker ants
  Natasha (thrice) (D:4)
  A hound zombie (D:6)
  A worker ant zombie (D:7)
  A howler monkey skeleton (D:8)
  13 adders
  5 gnolls (D:3)
  A shadow imp (D:10)
  An adder skeleton (D:8)
  3 worms
  A dart slug (D:2)
  3 leopard geckos
  35 orcs
  A ball python (D:4)
  7 giant cockroaches
  A goblin (D:1)
  5 hobgoblins
  13 jackals
  5 quokkas
  9 bats
  7 frilled lizards
  A jackal zombie (D:5)
  5 kobolds
  2 leopard gecko skeletons (D:4)
  A quokka zombie (D:5)
  7 rats
245 creatures vanquished.

Vanquished Creatures (others)
  4 plants (D:4)
4 creatures vanquished.

Grand Total: 249 creatures vanquished

Notes
Turn   | Place    | Note
-------+----------+-------------------------------------------
     0 | D:1      | Kohma the Spriggan Enchanter began the quest for the Orb.
     0 | D:1      | Reached XP level 1. HP: 9/9 MP: 5/5
   139 | D:1      | Found a shattered altar of Ashenzari.
   621 | D:1      | Reached XP level 2. HP: 11/13 MP: 6/6
   625 | D:1      | Learned a level 2 spell: Ensorcelled Hibernation
   684 | D:1      | Reached skill level 5 in Stealth
   930 | D:2      | Reached XP level 3. HP: 16/16 MP: 5/8
  1389 | D:2      | Learned a level 3 spell: Confuse
  1393 | D:2      | Noticed Terence
  1402 | D:2      | Killed Terence
  1402 | D:2      | Reached skill level 6 in Stealth
  1402 | D:2      | Reached XP level 4. HP: 20/21 MP: 6/9
  2530 | D:3      | Reached skill level 7 in Stealth
  2530 | D:3      | Reached XP level 5. HP: 24/24 MP: 10/10
  3229 | D:4      | Found a shadowy altar of Dithmenos.
  3230 | D:4      | Noticed Natasha
  3237 | D:4      | Killed Natasha
  3245 | D:4      | Noticed Sigmund
  3250 | D:4      | Killed Sigmund
  3250 | D:4      | Reached skill level 5 in Short Blades
  3250 | D:4      | Reached skill level 8 in Stealth
  3250 | D:4      | Reached XP level 6. HP: 28/28 MP: 11/11
  3256 | D:4      | Noticed Dowan
  3256 | D:4      | Noticed Duvessa
  3259 | D:4      | HP: 1/28 [orc priest/divine providence (11)]
  3574 | D:4      | Found an iron altar of Okawaru.
  3669 | D:4      | Noticed Edmund
  3701 | D:4      | Killed Edmund
  3701 | D:4      | Reached XP level 7. HP: 7/32 MP: 9/13
  3970 | D:4      | Reached skill level 5 in Hexes
  4528 | D:4      | Noticed Natasha
  4532 | D:4      | Killed Natasha
  4784 | D:4      | Killed Duvessa
  4794 | D:4      | Killed Dowan
  4914 | D:4      | Noticed Blork the orc
  4915 | D:4      | Noticed Natasha
  5211 | D:4      | Killed Blork the orc
  5211 | D:4      | Reached XP level 8. HP: 36/36 MP: 10/15
  5586 | D:4      | Killed Natasha
  5641 | D:5      | Entered Level 5 of the Dungeon
  5642 | D:5      | Found a basalt altar of Yredelemnul.
  5651 | D:5      | Found Jimor's Distillery.
  5684 | D:5      | Reached skill level 1 in Fighting
  5773 | D:5      | Bought a potion of heal wounds for 70 gold pieces
  5773 | D:5      | Bought a potion of flight for 42 gold pieces
  5810 | D:5      | Found a sacrificial altar of Ru.
  6508 | D:6      | Reached skill level 5 in Dodging
  6569 | D:6      | Found a staircase to the Ecumenical Temple.
  6578 | Temple   | Entered the Ecumenical Temple
  6834 | Temple   | Became a worshipper of Kikubaaqudgha
  7512 | D:6      | Reached skill level 9 in Stealth
  7684 | D:6      | Reached * piety under Kikubaaqudgha
  7684 | D:6      | Identified Kikubaaqudgha's Tome of Sinister Arts
                  | (Kikubaaqudgha gifted it to you on level 6 of the Dungeon)
  7684 | D:6      | Received a gift from Kikubaaqudgha
  7684 | D:6      | Reached skill level 1 in Evocations
  7684 | D:6      | Reached XP level 9. HP: 44/44 MP: 13/16
  7746 | D:6      | Found a hide-covered altar of Uskayaw.
  7801 | D:6      | Found a white marble altar of Elyvilon.
  7801 | D:6      | Found a basalt altar of Yredelemnul.
  7802 | D:6      | Found a glowing golden altar of the Shining One.
  8157 | D:7      | Noticed Joseph
  8336 | D:7      | Killed Joseph
  8336 | D:7      | Reached skill level 10 in Stealth
  8648 | D:7      | Noticed Harold
  8674 | D:7      | Killed Harold
  8674 | D:7      | Reached skill level 11 in Stealth
  8674 | D:7      | Reached skill level 5 in Evocations
  9126 | D:7      | Reached XP level 10. HP: 41/49 MP: 6/17
  9269 | D:7      | Reached skill level 12 in Stealth
  9306 | D:7      | Reached ** piety under Kikubaaqudgha
  9376 | D:7      | Found a sacrificial altar of Ru.
  9490 | D:7      | Reached skill level 5 in Spellcasting
  9852 | D:7      | Noticed Menkaure
  9859 | D:7      | Killed Menkaure
 10338 | D:8      | Found a staircase to the Lair.
 10353 | D:8      | Reached skill level 5 in Fighting
 10726 | D:9      | Found Ontades's Magic Scroll Shop.
 10732 | D:9      | Bought a scroll of identify for 32 gold pieces
 10739 | D:9      | Found a runed translucent gate.
 10982 | D:9      | Found a staircase to the Orcish Mines.
 11100 | D:9      | Learned a level 2 spell: Blink
 11104 | D:9      | Learned a level 3 spell: Mephitic Cloud
 11108 | D:9      | Learned a level 3 spell: Regeneration
 11136 | D:9      | Reached *** piety under Kikubaaqudgha
 11136 | D:9      | Identified Kikubaaqudgha's Almanac of Darkness
                  | (Kikubaaqudgha gifted it to you on level 9 of the Dungeon)
 11136 | D:9      | Received a gift from Kikubaaqudgha
 11143 | D:9      | Learned a level 4 spell: Animate Dead
 11273 | D:9      | Found a runed translucent gate.
 11276 | D:9      | Found a runed translucent gate.
 11276 | D:9      | Noticed Jabberih's ghost (novice HOMo)
 11692 | D:9      | Reached skill level 1 in Translocations
 11765 | D:9      | Identified the cursed +2 war axe "Ahos" {chop, rElec rC+}
 11765 | D:9      | Identified the +9 plate armour of the Crown {*Contam rC++
                  | rCorr Dex+2}
 11766 | D:9      | Found a roughly hewn altar of Beogh.
 11822 | D:10     | Entered Level 10 of the Dungeon
 11923 | D:10     | Noticed a two-headed ogre
 11932 | D:10     | Killed a two-headed ogre
 11932 | D:10     | Reached skill level 1 in Necromancy
 11932 | D:10     | Reached XP level 11. HP: 40/56 MP: 15/21
 13002 | D:11     | Noticed a two-headed ogre
 13047 | D:11     | Mangled by a two-headed ogre

Levels and vault maps discovered:
D:1:      lightli_arrival_boilingwater, layout_rooms, st_stairs_13,
          nicolae_ashenzari_panopticon
D:2:      layout_loops_ring, item_on_display_a, uniq_terence
D:3:      layout_basic
D:4:      layout_basic, nicolae_overflow_hidden_temple,
          nicolae_dithmenos_shadow_blocks, first_ration, chequers_arboretum,
          serial_bayou_pond_c, solitary_fountain, ebering_dispersal_statue_hall,
          uniq_edmund, uniq_sigmund, uniq_duvessa, uniq_natasha,
          uniq_blork_the_orc
D:5:      layout_basic, serial_shops, nicolae_shop_crystal, serial_corexii_hall,
          corexii_hall_statues_i, chequers_hall_statues_y, basic_altar,
          nicolae_ru_awakened_eye
D:6:      layout_cave_pools, gammafunk_temple_overflow_claw,
          minmay_temple_entry_trees, basic_altar
D:7:      layout_loops_ring, lemuel_doored_altar, grunt_livestock,
          uniq_menkaure, uniq_harold, uniq_joseph
D:8:      layout_rooms, due_lair_maze_entry_diamond
D:9:      layout_loops_ring, orc_0_dummy, biasface_ghost_orc_armoury,
          serial_shops, shop
D:10:     layout_roguey
D:11:     layout_roguey, minmay_ruined_shrine
Temple:   regret_index_temple_sphere_string

Skill      XL: |  1  2  3  4  5  6  7  8  9 10 11 |
---------------+----------------------------------+-----
Stealth        | 5 6 7 8 9 11 12 | 12.0
Short Blades   | 2 3 5 7 8 9 |  9.0
Spellcasting   | 3 4 6 |  6.1
Hexes          | 4 7 8 9 |  9.3
Fighting       | 3 6 |  6.0
Dodging        | 8 |  8.2
Evocations     | 1 5 |  5.5
Translocations | 2 3 |  3.0
Necromancy     | 1 |  1.9

Action                   |  1- 3 |  4- 6 |  7- 9 | 10-12 || total
-------------------------+-------+-------+-------+-------++-------
Melee: Dagger            |    49 |    76 |   269 |   182 ||   576
       Unarmed           |       |       |     3 |       ||     3
Throw: Dart              |    30 |    52 |    13 |     8 ||   103
 Cast: Corona            |     4 |       |       |       ||     4
       Ensorcelled Hiber |     7 |    19 |   124 |    96 ||   246
       Confuse           |       |       |    20 |    20 ||    40
  Use: Potion            |     1 |       |       |       ||     1
       Scroll            |       |       |    16 |     6 ||    22
 Stab: Sleeping          |     7 |    27 |    68 |    67 ||   169
       Confused          |       |       |    15 |    15 ||    30
       Distracted        |       |       |     1 |       ||     1
  Eat: Ration            |       |       |     6 |     2 ||     8
Armor: Robe              |     4 |     7 |    12 |     6 ||    29
Dodge: Dodged            |    67 |    65 |   229 |   121 ||   482

Table legend:
 A = Non-vault XP
 B = Vault XP
 C = Vault XP percentage of total XP
 D = Non-vault monster count
 E = Vault monster count
 F = Vault count percentage of total count
                 A         B        C        D         E       F
            +---------+---------+-------+---------+---------+-------
      Total |    8576 |    4238 |  33.1 |     221 |      24 |   9.8
            +---------+---------+-------+---------+---------+-------
        D:1 |      34 |       1 |   2.9 |      15 |       1 |   6.2
        D:2 |      70 |      36 |  34.0 |      25 |       1 |   3.8
        D:3 |     156 |       0 |   0.0 |      16 |       0 |   0.0
        D:4 |     494 |     758 |  60.5 |      27 |       6 |  18.2
        D:5 |     305 |       0 |   0.0 |      17 |       0 |   0.0
        D:6 |     855 |       0 |   0.0 |      18 |       0 |   0.0
        D:7 |    1725 |    2647 |  60.5 |      34 |       8 |  19.0
        D:8 |     734 |     794 |  52.0 |      16 |       7 |  30.4
        D:9 |    1128 |       0 |   0.0 |      21 |       0 |   0.0
       D:10 |    1670 |       0 |   0.0 |      15 |       0 |   0.0
       D:11 |    1214 |       2 |   0.2 |      13 |       1 |   7.1
     Temple |     191 |       0 |   0.0 |       4 |       0 |   0.0
            +---------+---------+-------+---------+---------+-------
